 Dungeon Crawl Stone Soup version 0.29.1-15-g9cfb28693d (webtiles) character file.

Game seed: 1641100830034906822

32 Alturiack the Chiller (level 3, 27/27 HPs)
             Began as a Barachi Ice Elementalist on Apr 10, 2023.
             Got out of the dungeon alive.
             The game lasted 00:06:19 (1802 turns).

Alturiack the Chiller (Barachi Ice Elementalist)    Turns: 1802, Time: 00:06:19

Health: 27/27      AC:  2    Str:  9    XL:     3   Next: 27%
Magic:  6/6        EV: 12    Int: 17    God:
Gold:   99         SH:  0    Dex: 12    Spells: 5/6 levels left

rFire   . . .      SeeInvis .   (no weapon)
rCold   . . .      Faith    .   (no shield)
rNeg    . . .      Spirit   .   a - +0 robe
rPois   .          Reflect  .   (no helmet)
rElec   .          Harm     .   (no cloak)
rCorr   .          Rampage  .   (no gloves)
Will    .....                   (no boots)
Stlth   ++........              (no amulet)
HPRegen 0.09/turn               (no ring)
MPRegen 0.10/turn               (no ring)

@: slow
A: amphibious, slowness 1, strong legs 1, +LOS
a: Hop


You escaped.
You visited 1 branch of the dungeon, and saw 2 of its levels.

You collected 99 gold pieces.

Inventory:

Armour
 a - a +0 robe (worn)
Jewellery
 d - a ring of protection from fire
Scrolls
 e - a scroll of teleportation {unknown}
Potions
 b - a potion of magic
 c - a potion of resistance {unknown}
 f - a potion of brilliance {unknown}


   Skills:
 * Level 1.7 Fighting
 * Level 1.7 Armour
 - Level 2.1 Dodging
 - Level 1.7 Stealth
 + Level 2.3 Spellcasting
 * Level 5.2 Ice Magic


You had 5 spell levels left.
You knew the following spells:

 Your Spells              Type           Power      Damage    Failure   Level
a - Freeze                Ice            76%        1d9       2%          1

Your spell library contained the following spells:

 Spells                   Type           Power      Damage    Failure   Level
 Frozen Ramparts          Ice            38%        1d6       7%          3
 Ozocubu's Armour         Ice            19%        N/A       7%          3
 Sublimation of Blood     Necr           2%         N/A       28%         2
 Hailstorm                Conj/Ice       10%        3d5       54%         4
 Petrify                  Tmut/Erth      2%         N/A       88%         4
 Irradiate                Conj/Tmut      1%         3d12      99%         5


Dungeon Overview and Level Annotations

Branches:
Dungeon (2/15)

Altars:


Innate Abilities, Weirdness & Mutations

You are amphibious.
You cover ground slowly.
You can hop short distances.
You have an extended range of vision and can be seen from far away.


Message History

You freeze the jackal!
You kill the jackal!
The jackal misses you.
Aiming: Freeze (safe; 2% risk of failure)
Press: ? - help, Q - select action, (/) - cycle Shift-Dir - straight line, f - jackal
Aim: a jackal You freeze the jackal.
The jackal is heavily wounded.
The jackal closely misses you.
Aiming: Freeze (safe; 2% risk of failure)
Press: ? - help, Q - select action, (/) - cycle Shift-Dir - straight line, f/p - jackal
Aim: a jackal (heavily wounded)
You freeze the jackal.
You kill the jackal!
Aiming: Freeze (safe; 2% risk of failure)
Press: ? - help, Q - select action, (/) - cycle Shift-Dir - straight line, f - jackal
Aim: a jackal You freeze the jackal.
The jackal is severely wounded.
The jackal completely misses you. x2
The jackal attacks as you move away! The jackal bites you.
The jackal bites you. The jackal attacks as you move away!
The jackal closely misses you. x2
The jackal bites you.
Aiming: Freeze (safe; 2% risk of failure)
Press: ? - help, Q - select action, (/) - cycle Shift-Dir - straight line, f/p - jackal
Aim: a jackal (severely wounded)
You freeze the jackal.
You kill the jackal!
You see here a jackal corpse.
e - a scroll labelled RUAGUIMOIX
f - a brown potion
There is a stone staircase leading up here.
You can't go down here!
You climb upwards.
There is a stone staircase leading down here.
You see here a +0 short sword.
There is a staircase leading out of the dungeon here.
Are you sure you want to leave the Dungeon?
This will make you lose the game!
You have escaped!

.##....######.##.###...#.#
#.##.#
.#####...)....#..##...##.#
#.....
.........[....#......###.#
####.#
#.............#(....##
#.######.#
#.............#....##
#........#
#.............#.....##
##.#######
#..>..........#......####.#
#.......#####.#...........#
#.......# #.#.@....######
#.......#####.#......#
#..........##.###'####
###...)....##.# #.#
..'>.......+..# #.#
###........#### #>#
#........# ### #........#
#........#


There were no monsters in sight!

Vanquished Creatures
  2 ball pythons (D:2)
  6 bats
  2 endoplasms (D:1)
  A giant cockroach (D:1)
  2 goblins (D:1)
  4 jackals (D:2)
  5 kobolds
  3 quokkas (D:1)
  2 frilled lizards (D:1)
27 creatures vanquished.

Notes
Turn   | Place    | Note
-------+----------+-------------------------------------------
     0 | D:1      | Alturiack the Barachi Ice Elementalist began the quest for
                  | the Orb.
     0 | D:1      | Reached XP level 1. HP: 13/13 MP: 3/3
   317 | D:1      | Reached skill level 5 in Ice Magic
   317 | D:1      | Reached XP level 2. HP: 19/20 MP: 1/5
   409 | D:1      | Reached skill level 1 in Armour
   489 | D:1      | Reached skill level 1 in Fighting
   807 | D:1      | Found a faded altar of an unknown god.
  1374 | D:2      | Reached XP level 3. HP: 26/26 MP: 4/6
  1802 | D:$      | Got out of the dungeon alive.

Illustrated notes

Levels and vault maps discovered:
D:1:      elethiomel_arrival_shortcut, layout_basic,
          chequers_ecumenical_altar_lobes
D:2:      layout_loops_corners

Skill      XL: |  1  2 |
---------------+-------+-----
Ice Magic      | 5 |  5.2
Armour         | 1 |  1.7
Fighting       | 1 |  1.7
Dodging        | |  2.1
Stealth        | |  1.7
Spellcasting   | |  2.3

Action                   || total
-------------------------++-------
Melee: Unarmed           ||    14
 Cast: Freeze            ||    42
Armor: Robe              ||    16
Dodge: Dodged            ||    43
